 Dungeon Crawl Stone Soup version 0.25.1-2-g60ff931df9 (webtiles) character file.

Game seed: 17479346348110491977

4780 DoubleLucky the Arsonist (level 10, -6/69 HPs)
             Began as a Pale Draconian Fire Elementalist on Sept 28, 2020.
             Was a Follower of Sif Muna.
             Mangled by a hornet (18 damage)
             ... on level 11 of the Dungeon.
             The game lasted 01:34:19 (11578 turns).

DoubleLucky the Arsonist (DrFE)                    Turns: 11578, Time: 01:34:20

Health: -6/69      AC: 10    Str: 10    XL:     10   Next: 23%
Magic:  8/19       EV: 13    Int: 19    God:    Sif Muna [*.....]
Gold:   381        SH:  5    Dex: 14    Spells: 2/21 levels left

rFire    + + .     SeeInvis .   E - staff of conjuration
rCold    . . .     Gourm    .   (no shield)
rNeg     . . .     Faith    .   (armour unavailable)
rPois    .         Spirit   .   l - +1 hat
rElec    .         Reflect  +   M - +0 cloak
rCorr    .         Harm     .   H - +0 pair of gloves
MR       .....                  (no boots)
Stlth    ++........             t - amulet of reflection
HPRegen  0.21/turn              (no ring)
MPRegen  0.16/turn              (no ring)

@: lethally poisoned (-6 -> -24), slowed, very slow
A: breathe steam, unfitting armour, antennae 1, agile 1, fire resistance 2,
cold-blooded, AC +7
a: Breathe Steam, Channel Magic, Renounce Religion


You were on level 11 of the Dungeon.
You worshipped Sif Muna.
Sif Muna was aware of your devotion.
You were very hungry.

You visited 1 branch of the dungeon, and saw 9 of its levels.

You collected 381 gold pieces.

Inventory:

Hand Weapons
 k - a +2 dagger of venom
 n - a +2 dagger of speed
 y - a cursed -3 mace
Missiles
 i - 55 poisoned darts (quivered)
 q - 270 stones
 r - a throwing net
Armour
 l - a +1 hat (worn)
 o - a +0 buckler
 H - a +0 pair of gloves (worn)
 M - a +0 cloak (worn)
Magical Staves
 E - an uncursed staff of conjuration (weapon)
Jewellery
 t - an amulet of reflection (around neck)
 z - a cursed ring of teleportation {unknown}
 L - an uncursed amulet of the acrobat
 O - a +6 ring of strength
Wands
 K - a wand of polymorph (7)
Scrolls
 a - 2 scrolls of magic mapping
 c - 6 scrolls of identify
 d - a scroll of immolation {unknown}
 e - a scroll of fear {unknown}
 f - 2 scrolls of teleportation {unknown}
 h - a scroll of enchant weapon {unknown}
 m - a scroll of fog {unknown}
 A - a scroll of blinking {unknown}
 B - a scroll of vulnerability {unknown}
 C - a scroll of enchant armour {unknown}
 G - 2 scrolls of remove curse {unknown}
 I - a scroll of brand weapon {unknown}
 J - a scroll of amnesia {unknown}
 P - a scroll of random uselessness {unknown}
Potions
 g - a potion of brilliance {unknown}
 j - a potion of flight
 p - a potion of invisibility
 s - a potion of heal wounds
 u - a potion of ambrosia {unknown}
 v - a potion of magic {unknown}
 w - 6 potions of curing
 x - a potion of stabbing {unknown}
 D - a potion of might {unknown}
 F - a potion of haste {unknown}
 N - a potion of lignification {unknown}
Comestibles
 b - 11 rations
 Q - 4 chunks of flesh


   Skills:
 - Level 3.0 Dodging
 - Level 3.0 Stealth
 + Level 6.4 Spellcasting
 * Level 9.0 Conjurations
 * Level 10.8 Fire Magic


You had 2 spell levels left.
You knew the following spells:

 Your Spells              Type           Power        Failure   Level  Hunger
a - Foxfire               Conj/Fire      ####         1%          1    None
b - Conjure Flame         Conj/Fire      ######..     1%          3    ##.....
c - Magic Dart            Conj           ####         1%          1    None
d - Searing Ray           Conj           ######       1%          2    None
e - Sticky Flame          Conj/Fire      ######..     1%          4    ####...
f - Fireball              Conj/Fire      ######....   4%          5    #####..
g - Inner Flame           Hex/Fire       ####....     3%          3    ##.....

Your spell library contained the following spells:

 Spells                   Type           Power        Failure   Level  Hunger
 Beastly Appendage        Tmut           #.....       11%         1    None
 Infusion                 Chrm           #...         11%         1    None
 Summon Small Mammal      Summ           #...         11%         1    None
 Blink                    Tloc           N/A          16%         2    None
 Call Imp                 Summ           #.......     16%         2    None
 Shroud of Golubria       Chrm/Tloc      #.....       16%         2    None
 Slow                     Hex            #.......     16%         2    None
 Song of Slaying          Chrm           #.......     16%         2    None
 Sticks to Snakes         Tmut           #.......     16%         2    None
 Dazzling Flash           Conj/Hex       ####..       4%          3    ##.....
 Mephitic Cloud           Conj/Pois/Air  ####....     10%         3    ##.....
 Fulminant Prism          Conj/Hex       ####......   17%         4    ####...
 Iskenderun's Mystic Bla  Conj/Tloc      ####....     17%         4    ####...
 Ozocubu's Armour         Chrm/Ice       #.......     32%         3    ##.....
 Spectral Weapon          Hex/Chrm       #.......     32%         3    ##.....
 Spider Form              Tmut/Pois      #.........   32%         3    ##.....
 Ice Form                 Ice/Tmut       #.......     71%         4    ####...
 Blade Hands              Tmut           #.........   96%         5    #####..


Dungeon Overview and Level Annotations

Branches:
Dungeon (8/15)             Temple (0/1) D:6
   Lair: D:8-11

Altars:
Ashenzari
Cheibriados
Dithmenos
Elyvilon
Kikubaaqudgha
Okawaru
Qazlal
Sif Muna
Uskayaw
Vehumet
Xom

Annotations:
D:4 3 runed translucent doors, Xye's ghost, amateur MiBe
D:6 2 transporters


Innate Abilities, Weirdness & Mutations

You can breathe blasts of scalding, opaque steam.
Your pale cyan-grey scales are hard. (AC +7)
You cannot fit into any form of body armour.
You are cold-blooded and may be slowed by cold attacks.
You have a pair of small antennae on your head.
You are agile. (Dex +2)
Your flesh is very heat resistant. (rF++)


Message History

The hornet stings you.
* * * LOW HITPOINT WARNING * * *
You feel yourself slow down.
You can move again.
You see here an iguana skeleton.
You feel much better.
* * * LOW HITPOINT WARNING * * *
You feel very sick. The hornet stings you.
* * * LOW HITPOINT WARNING * * *
You feel as though you will be slow longer.
You block the hornet's attack.
Casting: Sticky Flame (dangerous; 1% risk of failure)
Confirm with . or Enter, or press ? or * to list all spells.
You don't have enough magic to cast that spell.
You are feeling very hungry.
* * * LOW HITPOINT WARNING * * *
You feel very sick. The hornet completely misses you. The hornet stings you!!
You die...

###.######.###.#
#..รท.h...).)...#
#.#.######.##..#
#.#.# #.##.....
#.#.# #.##..##.
#o#.# #......
#h#.#####..##..##
#y#.....!......#
#@#.#####.###.##
#.#.# #.#.#####.
#..........
###..#####. ##.#
.# .# .#


You could see a hornet, a howler monkey and an orc.

Vanquished Creatures
  A hornet (D:7)
  4 hogs (D:7)
  Grum (D:11)
  A human (D:7)
  A vampire mosquito (D:7)
  Duvessa (D:7)
  2 ice beasts
  A sky beast (D:7)
  2 phantoms
  2 wolves (D:11)
  2 centaurs
  7 ogres
  5 bullfrogs
  Dowan (D:7)
  4 scorpions
  4 killer bees (D:7)
  4 wights (D:7)
  2 howler monkeys (D:4)
  A bullfrog zombie (D:7)
  3 crimson imps
  A centaur zombie (D:7)
  A jelly (D:6)
  2 orc priests
  3 hounds
  A bullfrog skeleton (D:5)
  7 iguanas
  8 orc wizards
  3 worker ants
  A killer bee zombie (D:5)
  A howler monkey zombie (D:6)
  A worker ant zombie (D:6)
  3 gnolls (D:3)
  10 adders
  3 shadow imps (D:7)
  3 oozes
  An adder skeleton (D:6)
  A worm (D:6)
  A dart slug (D:3)
  10 leopard geckos
  15 orcs
  A ball python (D:4)
  8 giant cockroaches
  4 goblins
  6 hobgoblins
  4 jackals (D:2)
  7 kobolds
  3 quokkas
  9 bats
  A frilled lizard (D:2)
  A jackal skeleton (D:4)
  A quokka zombie (D:7)
  6 rats
  A plant (D:4)
177 creatures vanquished.

Vanquished Creatures (others)
  878 foxfires
878 creatures vanquished.

Grand Total: 1055 creatures vanquished

Notes
Turn   | Place    | Note
-------+----------+-------------------------------------------
     0 | D:1      | DoubleLucky the Draconian Fire Elementalist began the quest
                  | for the Orb.
     0 | D:1      | Reached XP level 1. HP: 14/14 MP: 3/3
   495 | D:1      | Reached XP level 2. HP: 20/20 MP: 5/5
  1414 | D:2      | Reached XP level 3. HP: 26/26 MP: 2/6
  2378 | D:2      | Found a shadowy altar of Dithmenos.
  2641 | D:2      | Reached XP level 4. HP: 33/33 MP: 3/7
  3109 | D:3      | Reached skill level 4 in Fire Magic
  3459 | D:3      | Found a shimmering altar of Xom.
  3631 | D:3      | Noticed an ice beast
  3643 | D:3      | Killed an ice beast
  3643 | D:3      | Reached XP level 5. HP: 38/38 MP: 2/9
  4184 | D:3      | Learned a level 3 spell: Conjure Flame
  4585 | D:3      | Reached XP level 6. HP: 14/45 MP: 4/10
  5000 | D:3      | Reached skill level 5 in Fire Magic
  5232 | D:4      | Your scales start taking on a pale cyan-grey colour.
  5232 | D:4      | Reached XP level 7. HP: 50/50 MP: 4/12
  5239 | D:4      | Reached skill level 6 in Fire Magic
  5491 | D:3      | Gained mutation: Your spells are a little easier to cast,
                  | but a little less powerful. [potion of mutation]
  5491 | D:3      | Gained mutation: You are agile. (Dex +2) [potion of
                  | mutation]
  5491 | D:3      | Gained mutation: You possess an exceptional clarity of
                  | mind. [potion of mutation]
  5492 | D:3      | Lost mutation: Your spells are a little easier to cast, but
                  | a little less powerful. [potion of mutation]
  5492 | D:3      | Lost mutation: You are agile. (Dex +2) [potion of mutation]
  5492 | D:3      | Lost mutation: You possess an exceptional clarity of mind.
                  | [potion of mutation]
  5492 | D:3      | Gained mutation: You are agile. (Dex +2) [potion of
                  | mutation]
  5492 | D:3      | Gained mutation: Your flesh is heat resistant. (rF+)
                  | [potion of mutation]
  5492 | D:3      | Gained mutation: You have a pair of small antennae on your
                  | head. [potion of mutation]
  5492 | D:3      | Gained mutation: Your flesh is very heat resistant. (rF++)
                  | [potion of mutation]
  5566 | D:4      | Found a runed translucent gate.
  5566 | D:4      | Found a runed translucent gate.
  5566 | D:4      | Found a runed translucent gate.
  5566 | D:4      | Noticed Xye's ghost (amateur MiBe)
  6126 | D:5      | Entered Level 5 of the Dungeon
  6473 | D:5      | Learned a level 1 spell: Magic Dart
  6617 | D:5      | Found a hide-covered altar of Uskayaw.
  6653 | D:5      | Reached skill level 7 in Fire Magic
  6653 | D:5      | Reached XP level 8. HP: 49/57 MP: 5/14
  7193 | D:6      | Found a transporter.
  7193 | D:6      | Noticed a cyclops
  7229 | D:6      | Reached skill level 5 in Conjurations
  7297 | D:6      | Learned a level 2 spell: Searing Ray
  7304 | D:6      | Found a snail-covered altar of Cheibriados.
  7342 | D:6      | Found a stormy altar of Qazlal.
  7342 | D:6      | Found a transporter.
  7761 | D:6      | Reached skill level 8 in Fire Magic
  7880 | D:6      | Found a staircase to the Ecumenical Temple.
  8126 | D:6      | Found a radiant altar of Vehumet.
  8128 | D:6      | Found an ancient bone altar of Kikubaaqudgha.
  8129 | D:6      | Found a shimmering blue altar of Sif Muna.
  8135 | D:6      | Identified Sif Muna's Incunabulum of Summoning
  8140 | D:6      | Became a worshipper of Sif Muna the Loreminder
  8503 | D:6      | Reached skill level 5 in Spellcasting
  8701 | D:7      | Reached XP level 9. HP: 53/62 MP: 8/16
  8737 | D:7      | Reached skill level 9 in Fire Magic
  9385 | D:7      | Learned a level 4 spell: Sticky Flame
  9450 | D:7      | Noticed Duvessa
  9450 | D:7      | Noticed Dowan
  9482 | D:7      | Learned a level 5 spell: Fireball
  9501 | D:7      | Killed Duvessa
  9503 | D:7      | Killed Dowan
  9664 | D:7      | Found a white marble altar of Elyvilon.
 10002 | D:7      | Reached * piety under Sif Muna
 10163 | D:7      | Learned a level 3 spell: Inner Flame
 10496 | D:7      | Found a shattered altar of Ashenzari.
 10511 | D:7      | Reached skill level 10 in Fire Magic
 10871 | D:7      | Reached XP level 10. HP: 69/69 MP: 0/19
 11324 | D:8      | Found an iron altar of Okawaru.
 11327 | D:8      | You fall into a shaft and drop 3 floors!
 11328 | D:11     | Noticed Grum
 11365 | D:11     | Killed Grum
 11568 | D:11     | Paralysed by a hornet for 3 turns
 11574 | D:11     | Paralysed by a hornet for 3 turns
 11578 | D:11     | Mangled by a hornet

Illustrated notes

Levels and vault maps discovered:
D:1:      dpeg_arrival_long_road, layout_basic
D:2:      layout_rooms, nicolae_overflow_crystal_walls, grunt_decor_cap
D:3:      layout_loops_corners, lemuel_doored_altar, first_ration
D:4:      layout_cave_pools, gammafunk_ghost_necromancy, serial_bayou_crossing
D:5:      layout_basic, lemuel_crystal_altar
D:6:      layout_cave_pools, grunt_temple_overflow_magic_moments,
          gammafunk_temple_overflow_arena, lemuel_crystal_altar, temple_pool_b,
          corexii_checkpoint_a
D:7:      cheibrodos_fzero, layout_gridville, old_standard_altar,
          lemuel_round_altar, grunt_livestock, due_unseen_surprise, uniq_duvessa
D:8:      layout_basic, lemuel_round_altar, basic_altar, uniq_erica
D:11:     layout_loops_ring, hiddenorc1_lemuel, enter_trove_0, uniq_snorg,
          uniq_harold, uniq_grum

Skill      XL: |  1  2  3  4  5  6  7  8  9 10 |
---------------+-------------------------------+-----
Dodging        | 2 3 |  3.0
Stealth        | 2 3 |  3.0
Fire Magic     | 4 5 7 8 10 | 10.8
Conjurations   | 2 3 4 6 8 9 |  9.0
Spellcasting   | 3 4 5 6 |  6.4

Action                   |  1- 3 |  4- 6 |  7- 9 | 10-12 || total
-------------------------+-------+-------+-------+-------++-------
Melee: Unarmed           |    14 |       |       |       ||    14
       Dagger            |    20 |    16 |    41 |       ||    77
       Tailslap          |     4 |     1 |    12 |       ||    17
       Staff             |       |       |     9 |       ||     9
Throw: Dart              |     1 |       |       |     1 ||     2
 Cast: Foxfire           |   101 |   107 |   310 |     6 ||   524
       Conjure Flame     |       |     3 |    13 |     3 ||    19
       Magic Dart        |       |       |    26 |       ||    26
       Inner Flame       |       |       |     6 |       ||     6
       Searing Ray       |       |       |     4 |     2 ||     6
       Fireball          |       |       |     2 |     6 ||     8
       Sticky Flame      |       |       |       |     4 ||     4
Invok: Channel Magic     |       |       |       |     1 ||     1
 Abil: Breathe Steam     |       |       |     8 |     2 ||    10
  Use: Scroll            |     3 |     1 |     1 |       ||     5
       Potion            |       |       |     7 |     1 ||     8
 Stab: Sleeping          |     1 |     2 |       |       ||     3
  Eat: Chunk             |     7 |     4 |    13 |     1 ||    25
       Ration            |       |     1 |     2 |     1 ||     4
Armor: Skin              |    22 |    12 |    42 |     4 ||    80
Dodge: Dodged            |    37 |    42 |    59 |    13 ||   151
Block: Other             |       |     9 |    28 |     9 ||    46
       Reflection        |       |     4 |       |       ||     4
